 Dungeon Crawl Stone Soup version 0.28-a0-461-g2dc4ca5097 (webtiles) character file.

Game seed: 79146108740211300

4560 lunkers the Thaumaturge (level 10, -23/78 HPs)
             Began as a Djinni Cinder Acolyte on Sept 13, 2021.
             Was a High Priest of Ignis.
             Shot with an arrow by a centaur warrior (26 damage)
             ... on level 8 of the Dungeon.
             The game lasted 00:13:21 (10517 turns).

lunkers the Thaumaturge (Djinni Cinder Acolyte)    Turns: 10517, Time: 00:13:22

Health: -23/78     AC:  4    Str: 13    XL:     10   Next: 67%
Gold:   416        EV: 11    Int: 19    God:    Ignis [*****.] SH:  0 Dex:  9

rFire   + + +      SeeInvis .   u - +0 rapier (speed)
rCold   x . .      Faith    .   (no shield)
rNeg    . . .      Spirit   .   b - +0 robe
rPois   ∞          Reflect  .   (no helmet)
rElec   .          Harm     .   r - +0 cloak
rCorr   +          Rampage  .   s - +0 pair of gloves
Will    +....                   (boots unavailable)
Stlth   +.........              (no amulet)
HPRegen 0.23/turn               c - ring of resist corrosion
MPRegen 0.00/turn               (no ring)

@: flying
A: sickness immunity, fire resistance 2, cold vulnerability 1, float, innate
caster, hp casting, extra vitality 1
a: Renounce Religion, Sea of Fire, Foxfire Swarm, Rising Flame


You were on level 8 of the Dungeon.
You worshipped Ignis.
Ignis was extremely pleased with you.
You visited 1 branch of the dungeon, and saw 8 of its levels.

You collected 416 gold pieces.

Inventory:

Hand Weapons
 a - a -1 short sword of flaming
 u - a +0 rapier of speed (weapon)
 y - the +3 shortbow of Fanero {freeze, Dex+2}
   (You found it on level 8 of the Dungeon)

   Any ammunition fired from it freezes those it strikes, dealing additional
   cold damage.
   It can also slow down cold-blooded creatures.
   Dex:       It affects your dexterity (+2).
Missiles
 v - 2 throwing nets
Armour
 b - a +0 robe (worn)
 r - a +0 cloak (worn)
 s - a +0 pair of gloves (worn)
 t - a scarf of resistance
Jewellery
 c - a ring of resist corrosion (left hand)
Wands
 f - a wand of flame (11)
 p - a wand of iceblast (11)
Scrolls
 d - 2 scrolls of fog {unknown}
 j - 2 scrolls of teleportation
 k - a scroll of immolation {unknown}
 l - 2 scrolls of enchant weapon {unknown}
 m - 2 scrolls of enchant armour {unknown}
 n - 3 scrolls of amnesia {unknown}
 q - a scroll of holy word {unknown}
 x - a scroll of magic mapping {unknown}
Potions
 e - 7 potions of curing
 g - 2 potions of heal wounds
 h - 2 potions of lignification
 i - a potion of cancellation {unknown}
 o - a potion of ambrosia {unknown}
 w - 3 potions of might
 z - a potion of berserk rage {unknown}
 A - a potion of haste {unknown}
 B - a potion of resistance {unknown}


   Skills:
 + Level 9.2 Fighting
 - Level 2.6 Short Blades
 * Level 9.7 Spellcasting


You had 16 spell levels left.
You knew the following spells:

 Your Spells              Type           Power      Damage    Failure   Level
a - Shock                 Conj/Air       100%       1d9       1%          1
b - Scorch                Fire           92%        2d9       1%          2
c - Ensorcelled Hibernat  Hex/Ice        92%        N/A       1%          2
d - Ozocubu's Armour      Ice            46%        N/A       1%          3
e - Summon Lightning Spi  Summ/Air       46%        N/A       1%          4
Your spell library was empty.

Dungeon Overview and Level Annotations

Branches:
Dungeon (8/15)             Temple (0/1) D:6
   Lair: D:8-11

Altars:
Ashenzari
Cheibriados
Dithmenos
Elyvilon
Vehumet
Xom

Shops:
D:1 :

Annotations:
D:4 3 runed translucent doors, Dittersdorf's ghost, novice GrFi


Innate Abilities, Weirdness & Mutations

You are immune to sickness and miasma.
You are immune to poison.
Your flesh is very heat resistant. (rF++)
You are vulnerable to cold. (rC-)
You float through the air rather than walking.
You learn spells naturally, not from books.
Your magical power is your life essence.
You have superior vitality. (+4 HP)


Message History

Your lightning spire shoots out a bolt of lightning at the acid dragon!
The bolt of electricity hits the acid dragon!
Casting: Scorch (safe; 1% risk of failure)
Press: ? - help, Q - select action, (/) - cycle Dir - look around, f - activate Flames lash the acid dragon.
The acid dragon is severely wounded.
The acid dragon's fire resistance burns away.
Unknown command.
Casting: Scorch (safe; 1% risk of failure)
Press: ? - help, Q - select action, (/) - cycle Dir - look around, f - activate Flames lash the acid dragon.
The acid dragon is burned terribly!
You kill the acid dragon!
Unknown command.
Your lightning spire disappears in a puff of smoke!
A centaur warrior is nearby!
A centaur warrior is nearby!
A centaur warrior is nearby!
A centaur warrior is nearby!
Casting: Scorch (safe; 1% risk of failure)
Confirm with . or Enter, or press ? or * to list all spells.
An electric hum fills the air.
The centaur warrior shouts!
The centaur warrior wields a +0 shortbow.
The centaur warrior shoots an arrow.
The arrow hits you.
The centaur warrior shoots an arrow.
The arrow hits you!!
Unknown command.
Casting: Scorch (safe; 1% risk of failure)
Press: ? - help, Q - select action, (/) - cycle Dir - look around, f - activate Flames lash the centaur warrior.
The centaur warrior is lightly wounded.
The centaur warrior's fire resistance burns away.
The centaur warrior shoots an arrow.
The arrow hits you!!
* * * LOW HITPOINT WARNING * * *
The centaur warrior shoots an arrow.
The arrow hits you!!
* * * LOW HITPOINT WARNING * * *
Okay, then.
You feel much better.
The centaur warrior shoots an arrow.
The arrow hits you!
* * * LOW HITPOINT WARNING * * *
The centaur warrior shoots an arrow.
The arrow hits you!!
You die...

.....### ####. ....# #....
...## .# #. ...###...#..#
#..##...#...#..#
#.)#....#...#..#
......[......#..#
...#.:..#..#†...# .
#...##@.#....#
...###....8#....##### ##.
#.....c...##........##...#
#......####...#####....#
###..........#####...###
#####.....####...###
....c...##...###
###...#...#########
###..............


You could see a centaur warrior (combustible, ally target) and a friendly
lightning spire (summoned).

Vanquished Creatures
  A two-headed ogre (D:8)
  A manticore (D:8)
  An ugly thing (D:8)
  A wyvern (D:7)
  3 steam dragons
  Edmund (D:6)
  An acid dragon (D:8)
  A water moccasin (D:5)
  2 ice beasts (D:7)
  A sky beast (D:7)
  3 ogres
  3 necrophages
  2 centaurs
  A phantom (D:5)
  2 bullfrogs (D:8)
  A kobold brigand (D:6)
  3 scorpions
  A wyvern skeleton (D:7)
  4 killer bees (D:8)
  A centaur zombie (D:7)
  2 hounds
  2 jellies
  A bullfrog skeleton (D:3)
  A gnoll shaman (D:4)
  2 iguanas
  Natasha (thrice) (D:2)
  2 orc wizards (D:7)
  2 hound zombies (D:5)
  8 gnolls
  7 adders
  3 river rats (D:4)
  A shadow imp (D:6)
  An adder skeleton (D:5)
  A worm (D:3)
  2 dart slugs (D:1)
  14 orcs
  10 ball pythons
  3 endoplasms
  7 giant cockroaches
  7 goblins
  7 hobgoblins
  8 jackals
  7 quokkas
  6 bats
  4 frilled lizards
  12 kobolds
  3 rats
160 creatures vanquished.

Vanquished Creatures (others)
  6 fungi (D:3)
6 creatures vanquished.

Grand Total: 166 creatures vanquished

Notes
Turn   | Place    | Note
-------+----------+-------------------------------------------
     0 | D:1      | lunkers the Djinni Cinder Acolyte began the quest for the
                  | Orb.
     0 | D:1      | Reached XP level 1. HP: 20/20 MP: 0/0
   300 | D:1      | Reached XP level 2. HP: 25/25 MP: 0/0
   915 | D:1      | Reached XP level 3. HP: 20/30 MP: 0/0
   915 | D:1      | Learned a level 1 spell: Shock
  1770 | D:1      | Found Ivogoeda's Book Boutique.
  1889 | D:2      | Noticed Natasha
  1892 | D:2      | Killed Natasha
  1893 | D:2      | Reached XP level 4. HP: 30/37 MP: 0/0
  2242 | D:2      | Found a shimmering altar of Xom.
  2306 | D:2      | Noticed Natasha
  2310 | D:2      | Killed Natasha
  2311 | D:2      | Reached XP level 5. HP: 23/41 MP: 0/0
  2311 | D:2      | Learned a level 2 spell: Ensorcelled Hibernation
  2829 | D:2      | Noticed Natasha
  2835 | D:2      | Killed Natasha
  3499 | D:3      | Reached XP level 6. HP: 36/47 MP: 0/0
  4479 | D:4      | Found a shadowy altar of Dithmenos.
  4593 | D:4      | Noticed a necrophage
  4598 | D:4      | Noticed an ogre
  4601 | D:4      | Killed a necrophage
  4604 | D:4      | Killed an ogre
  4605 | D:4      | Reached skill level 5 in Fighting
  4605 | D:4      | Reached skill level 5 in Spellcasting
  4605 | D:4      | Reached XP level 7. HP: 30/54 MP: 0/0
  4605 | D:4      | Learned a level 3 spell: Ozocubu's Armour
  4887 | D:4      | Found a runed translucent gate.
  4887 | D:4      | Found a runed translucent gate.
  4887 | D:4      | Found a runed translucent gate.
  4888 | D:4      | Noticed Dittersdorf's ghost (novice GrFi)
  4920 | D:4      | Noticed a steam dragon
  4928 | D:4      | Killed a steam dragon
  5804 | D:5      | Entered Level 5 of the Dungeon
  5889 | D:5      | Reached XP level 8. HP: 42/60 MP: 0/0
  5912 | D:5      | HP: 2/60 [water moccasin (5)]
  6725 | D:5      | Found a white marble altar of Elyvilon.
  7451 | D:6      | Noticed Edmund
  7454 | D:6      | Reached XP level 9. HP: 56/67 MP: 0/0
  7454 | D:6      | Learned a level 4 spell: Summon Lightning Spire
  7464 | D:6      | Killed Edmund
  8064 | D:6      | Found a staircase to the Ecumenical Temple.
  8365 | D:6      | Found a broken altar of Ashenzari.
  9642 | D:7      | Found a snail-covered altar of Cheibriados.
  9648 | D:7      | Reached XP level 10. HP: 69/76 MP: 0/0
  9931 | D:8      | Noticed a two-headed ogre
  9948 | D:8      | Killed a two-headed ogre
 10247 | D:8      | Noticed a manticore
 10256 | D:8      | Killed a manticore
 10285 | D:8      | Noticed a centaur warrior
 10289 | D:8      | Noticed a purple ugly thing
 10298 | D:8      | Killed a purple ugly thing
 10301 | D:8      | Identified the +3 shortbow of Fanero {freeze, Dex+2}
 10515 | D:8      | HP: 1/78 [centaur warrior/arrow (22)]
 10517 | D:8      | Shot with an arrow by a centaur warrior

Illustrated notes

Levels and vault maps discovered:
D:1:      psy_arrival_terrarium, layout_loops_cross, serial_shops, shop
D:2:      layout_basic, basic_altar, uniq_natasha
D:3:      layout_basic, corexii_corridor_pit, minmay_shallow_snake_nest
D:4:      layout_basic, grunt_dithmenos_smoke, ebering_ghost_rock_garden,
          gup_sewer_entry_bubbles, kennysheep_path_1
D:5:      layout_basic, elyvilon_altar_3, hangedman_decor_points,
          grunt_decor_fettered, kennysheep_small_spiral
D:6:      layout_loops_ring, minitemple, minmay_temple_entry_trees,
          serial_glass, glass_columns_c, glass_columns_a, uniq_edmund
D:7:      layout_basic, mainiacjoe_overflow_alcove_4
D:8:      layout_cave_pods, yredelemnul_altar_generic, minmay_radiant

Skill      XL: |  1  2  3  4  5  6  7  8  9 10 |
---------------+-------------------------------+-----
Spellcasting   | 3 4 5 7 8 9 |  9.7
Fighting       | 4 5 6 8 9 |  9.2
Short Blades   | |  2.6

Action                   |  1- 3 |  4- 6 |  7- 9 | 10-12 || total
-------------------------+-------+-------+-------+-------++-------
Melee: Short sword       |    23 |       |       |       ||    23
       Rapier            |       |       |     4 |       ||     4
 Cast: Scorch            |    42 |    68 |   172 |    27 ||   309
       Shock             |       |    37 |     4 |       ||    41
       Summon Lightning  |       |       |     1 |     5 ||     6
       Ozocubu's Armour  |       |       |       |     1 ||     1
  Use: Scroll            |       |       |     8 |       ||     8
       Potion            |       |       |       |     1 ||     1
Armor: Robe              |     7 |     4 |    21 |     3 ||    35
Dodge: Dodged            |    35 |    13 |    32 |     6 ||    86

Table legend: (Time is in decaauts)
 A = Elapsed time spent in this place.
 B = Non-inter-level travel time spent in this place.
 C = Inter-level travel time spent in this place.
 D = Time resting spent in this place.
 E = Time spent auto-exploring this place.
 F = Levels seen in this place.
 G = Mean time per level.
                   A        B        C        D        E       F      G
               +--------+--------+--------+--------+--------+-----+--------+
         Total |  10514 |  10380 |    134 |    714 |   8589 |   8 | 1314.2 |
       Dungeon |  10514 |  10380 |    134 |    714 |   8589 |   8 | 1314.2 |
               +--------+--------+--------+--------+--------+-----+--------+

Top non-repeatable levels by time:
     D:4: 1955 daAuts
     D:1: 1887 daAuts
     D:7: 1266 daAuts
     D:2: 1252 daAuts
     D:6: 1209 daAuts
     D:3: 1161 daAuts
     D:5: 992 daAuts
     D:8: 786 daAuts
